AoeStats
← aEdward

Four Lakes

509500420Analyzed
1v1 RM · 6d ago on Sep 27, 2026· 54m 52s· 2 players
Game mode
Random Map
Map size
Tiny (2 player)
Population
200
Speed
Normal
Resources
Standard
Victory
Conquest
Starting age
Dark Age
Ending age
Imperial Age
RankedLock teamsTeams togetherTeam positionsShared explorationLock speedFull tech treeHidden civsTurbo modeCheats
Victory
Defeat
🇺🇸 Romans · United States
619
+17
🇩🇪 Vietnamese · Germany
636
-32
RedBeard252
3:16 Loom
12:49 Feudal Age
14:14 Double-Bit Axe
14:29 Fishing Lines
17:28 Wheelbarrow
18:14 Man-at-Arms
26:50 Castle Age
24:59 Stone Mining
25:02 Gold Mining
27:38 Padded Archer Armor
27:29 Fletching
27:40 Scale Mail Armor
27:51 Forging
29:22 Bodkin Arrow
29:42 Leather Archer Armor
31:02 Gold Shaft Mining
31:07 Chain Mail Armor
31:28 Iron Casting
30:59 Scale Barding Armor
30:20 Elite Skirmisher
32:20 Fervor
31:47 Long Swordsman
32:28 Squires
37:08 Horse Collar
37:52 Chain Barding Armor
37:59 Hand Cart
37:54 Heavy Plow
39:14 Bow Saw
44:00 Imperial Age
41:58 Ballistas
44:36 Legionary
46:33 Blast Furnace
46:14 Plate Barding Armor
46:30 Conscription
47:53 Heavy Scorpion
49:10 Crop Rotation
49:11 Masonry
48:57 Murder Holes
50:27 Ballistics
51:20 Architecture
51:40 Ring Archer Armor
53:38 Comitatenses
53:43 Elite Centurion
aEdward
9:11 Loom
11:43 Feudal Age
12:19 Double-Bit Axe
13:16 Man-at-Arms
17:11 Forging
17:02 Scale Mail Armor
22:59 Fletching
23:11 Padded Archer Armor
23:13 Horse Collar
27:33 Castle Age
28:30 Crossbowman
29:43 Gold Mining
30:05 Bow Saw
30:16 Thumb Ring
32:57 Elite Skirmisher
36:49 Bodkin Arrow
37:10 Leather Archer Armor
37:28 Husbandry
40:10 Scale Barding Armor
40:16 Stone Mining
46:45 Ballistics
46:19 Heated Shot
49:45 Chain Barding Armor
52:00 Imperial Age
52:05 Capped Ram
52:58 Elite Rattan Archer
Connection lost

Rejoining the realm…

Still unreachable

The connection could not be restored.

Session expired

The server has moved on; the page needs a fresh start.